 Dungeon Crawl Stone Soup version 0.30-a0-1122-g620db56ad9 (webtiles) character file.

Game seed: 3930269438260811354

38 CrazyBamboolord the Charlatan (level 3, -6/26 HPs)
             Began as a Demonspawn Artificer on Apr 22, 2023.
             Killed by divine providence
             ... invoked by an orc priest
              (14 damage)
             ... on level 2 of the Dungeon.
             The game lasted 00:02:17 (967 turns).

CrazyBamboolord the Charlatan (Demonspawn Artificer) Turns: 967, Time: 00:02:18

Health: -6/26      AC:  4    Str: 12    XL:     3   Next: 25%
Magic:  3/3        EV: 11    Int: 12    God:
Gold:   133        SH:  0    Dex: 15    Spells: 2/2 levels left

rFire   . . .        k - +0 dagger
rCold   . . .        (no shield)
rNeg    . . .        b - +0 leather armour
rPois   .            (helmet restricted)
rElec   .            (no cloak)
rCorr   .            (no gloves)
SInv    .            (no boots)
Will    .....        (no amulet)
Stlth   ++           (no ring)
HPRegen 0.24/turn    (no ring)
MPRegen 0.08/turn

%: no passive effects
@: no status effects
A: antennae 1, rugged brown scales 1
a: no special abilities


You were on level 2 of the Dungeon.
You visited 1 branch of the dungeon, and saw 2 of its levels.

You collected 133 gold pieces.

Inventory:

Hand Weapons
 k - a +0 dagger (weapon)
Armour
 b - a +0 leather armour (worn)
Wands
 c - a wand of flame (9) (quivered)
 d - a wand of charming (15)
 e - a wand of iceblast (5)
Scrolls
 a - a scroll of poison
 f - a scroll of blinking {unknown}
 h - a scroll of fog
 i - a scroll of magic mapping {unknown}
 j - a scroll of enchant armour {unknown}
 l - a scroll of fear {unknown}
 m - a scroll of enchant weapon {unknown}


   Skills:
 * Level 1.2 Fighting
 * Level 0.2 Short Blades
 * Level 2.1 Armour
 * Level 1.2 Dodging
 * Level 1.3 Stealth
 * Level 3.7 Evocations


You had 2 spell levels left.
You didn't know any spells.
Your spell library contained the following spells:

 Spells                   Type           Power      Damage    Failure   Level
 Portal Projectile        Hex/Tloc       0%         N/A       77%         3
 Stone Arrow              Conj/Erth      0%         3d7       77%         3
 Tukima's Dance           Hex            0%         N/A       77%         3
 Animate Armour           Summ/Erth      0%         N/A       99%         4
 Blade Hands              Tmut           0%         N/A       100%        5
 Lehudib's Crystal Spear  Conj/Erth      0%         10d2      100%        8


Dungeon Overview and Level Annotations

Branches:
Dungeon (2/15)

Altars:


Innate Abilities, Weirdness & Mutations

You have a pair of small antennae on your head.
You are partially covered in rugged brown scales. (AC +1, +3% HP)


Message History

An orc comes into view.
It is wielding a +0 short sword of holy wrath.
The orc shouts!
You hear a shout! x2
An orc comes into view. It is wielding a +0 hand axe.
There are monsters nearby!
There are monsters nearby!
An orc comes into view. It is wielding a +0 falchion.
An orc priest and an orc come into view.
The orc priest moves out of view.
The orc shouts!
The orc hits you with a +0 short sword of holy wrath.
You convulse.
The orc shouts!
You hit the orc.
The orc is heavily wounded.
You closely miss the orc.
The orc is heavily wounded.
The orc priest casts a cantrip, but nothing happens.
The orc hits you with a +0 falchion. The orc closely misses you.
You hit the orc.
The orc is almost dead.
The orc hits you with a +0 hand axe. The orc misses you.
The orc hits you with a +0 falchion.
You are too injured to fight recklessly!
Unknown command.
The orc attacks as you move away!
The orc hits you with a +0 short sword of holy wrath.
* * * LOW HITPOINT WARNING * * *
You convulse.
* * * LOW HITPOINT WARNING * * *
You feel much better. The orc hits you with a +0 hand axe.
The orc closely misses you. The orc misses you.
The orc attacks as you move away! The orc misses you.
The orc priest mumbles some strange prayers to Beogh against you.
Beogh smites you!
* * * LOW HITPOINT WARNING * * *
The orc priest begins to cast a cantrip, but forgets the words!
The orc priest calls down the wrath of Beogh upon you.
Beogh smites you!
Ouch! That really hurt!
You die...

#.....#.# .#
#####.#[#.#####..#
.......†#.....#..#
#####............##
##..#..........
###..#..(.......
..........>####
####..##.###
#@..#.#
#######..#.#
.......o...#
#######.o###
#########oo#
...........##
#........o..#
#.#.......#.#
#.......#.#


You could see an orc priest and 4 orcs.

Vanquished Creatures
  An adder (D:2)
  A dart slug (D:1)
  4 ball pythons
  2 giant cockroaches (D:1)
  2 goblins (D:1)
  3 hobgoblins
  5 bats (D:1)
  4 kobolds (D:1)
  4 rats (D:1)
26 creatures vanquished.

Notes
Turn   | Place    | Note
-------+----------+-------------------------------------------
     0 | D:1      | CrazyBamboolord the Demonspawn Artificer began the quest
                  | for the Orb.
     0 | D:1      | Reached XP level 1. HP: 15/15 MP: 1/1
    77 | D:1      | Reached skill level 1 in Dodging
   182 | D:1      | Reached skill level 1 in Stealth
   183 | D:1      | Gained mutation: You have a pair of small antennae on your
                  | head. [demonic ancestry]
   183 | D:1      | Reached XP level 2. HP: 11/21 MP: 2/2
   770 | D:2      | Gained mutation: You are partially covered in rugged brown
                  | scales. (AC +1, +3% HP) [demonic ancestry]
   770 | D:2      | Reached XP level 3. HP: 10/26 MP: 3/3
   967 | D:2      | Killed from afar by an orc priest

Illustrated notes

Levels and vault maps discovered:
D:1:      psy_arrival_basics, layout_basic, serial_bayou_lagoon_b
D:2:      cheibrodos_pilgrimage, layout_loops_ring,
          dreamdust_ecumenical_altar_angels_and_demons

Skill      XL: |  1  2 |
---------------+-------+-----
Dodging        | 1 |  1.2
Stealth        | 1 |  1.3
Armour         | 2 |  2.1
Fighting       | |  1.2
Short Blades   | |  0.2
Evocations     | |  3.7

Action                     || total
---------------------------++-------
  Melee: Club              ||    33
         Dagger            ||   100
  Evoke: Wand              ||     6
    Use: Scroll            ||     3
         Potion            ||     1
 Armour: Leather armour    ||    53
  Dodge: Dodged            ||    98

Table legend: (Time is in decaauts)
 A = Elapsed time spent in this place.
 B = Non-inter-level travel time spent in this place.
 C = Inter-level travel time spent in this place.
 D = Time resting spent in this place.
 E = Time spent auto-exploring this place.
 F = Levels seen in this place.
 G = Mean time per level.
                   A        B        C        D        E       F      G
               +--------+--------+--------+--------+--------+-----+--------+
         Total |    991 |    982 |      9 |      0 |    705 |   2 |  495.5 |
       Dungeon |    991 |    982 |      9 |      0 |    705 |   2 |  495.5 |
               +--------+--------+--------+--------+--------+-----+--------+

Top non-repeatable levels by time:
     D:1: 784 daAuts
     D:2: 207 daAuts
